 Dungeon Crawl Stone Soup version 0.26-a0-542-gbaa144ba5c (webtiles) character file.

Game seed: 9350832399390425018

52341 P0WERM0DE the Black Belt (level 14, -1/108 HPs)
             Began as an Octopode Delver on Aug 17, 2020.
             Was an Elder of Cheibriados.
             Slain by a deep troll earth mage zombie (10 damage)
             ... on level 15 of the Dungeon.
             The game lasted 00:57:34 (11548 turns).

P0WERM0DE the Black Belt (Octopode Delver)         Turns: 11548, Time: 00:57:35

Health: -1/108     AC:  1    Str: 20    XL:     14   Next: 63%
Magic:  20/20      EV: 25    Int: 30    God:    Cheibriados [****..]
Gold:   164        SH:  5    Dex: 23    Spells: 2/21 levels left

rFire    + . .     SeeInvis +     - Unarmed
rCold    . . .     Faith    .   (no shield)
rNeg     + . .     Spirit   .   (helmet restricted)
rPois    .         Reflect  +   A - amulet of reflection
rElec    .         Harm     .   v - +4 ring of slaying
rCorr    .                      g - ring of positive energy
MR       +....                  K - ring of stealth
Stlth    ++++++....             d - ring of see invisible
HPRegen  0.28/turn              Q - ring of protection from fire
MPRegen  0.17/turn              (no ring)
                                (no ring)
                                (no ring)

@: about to teleport, studying Unarmed Combat, very slow
A: almost no armour, stealthy swim, amphibious, 8 rings, constrict 8, camouflage
1, clever 2, robust 1, wild magic 1, gelatinous body 1
a: Bend Time, Temporal Distortion, Slouch, Renounce Religion


You were on level 15 of the Dungeon.
You worshipped Cheibriados.
Cheibriados was greatly pleased with you.
You visited 4 branches of the dungeon, and saw 23 of its levels.
You also visited: Sewer.

You collected 4109 gold pieces.
You spent 3945 gold pieces at shops.

Inventory:

Hand Weapons
 t - a +6 dire flail of venom
 w - a +5 broad axe
 E - a +2 dagger of freezing
Missiles
 j - 11 silver boomerangs (quivered)
 r - 35 boomerangs
 y - 8 javelins
 z - 60 poisoned darts
 O - 6 curare-tipped darts
Magical Staves
 x - an uncursed staff of fire
Jewellery
 d - a ring of see invisible (on tentacle)
 g - a ring of positive energy (right tentacle)
 v - a +4 ring of slaying (left tentacle)
 A - an amulet of reflection (around mantle)
 K - a ring of stealth (on tentacle)
 Q - a ring of protection from fire (on tentacle)
Wands
 e - a wand of digging (11)
 h - a wand of flame (26)
 G - a wand of polymorph (4)
 P - a wand of acid (2)
Scrolls
 a - 4 scrolls of fog
 b - 4 scrolls of enchant armour
 c - a scroll of brand weapon
 m - 3 scrolls of teleportation
 q - 6 scrolls of blinking
 B - 2 scrolls of remove curse
 C - 3 scrolls of amnesia
 I - a scroll of torment {unknown}
 J - a scroll of immolation
 N - a scroll of random uselessness {unknown}
Potions
 f - 2 potions of brilliance
 i - a potion of cancellation
 l - 5 potions of magic
 n - 14 potions of curing
 o - a potion of heal wounds
 s - 2 potions of resistance
 u - 2 potions of stabbing
 D - 2 potions of might
 F - 3 potions of mutation
 L - 9 potions of ambrosia
 R - a potion of flight {unknown}
Books
 M - a manual of Unarmed Combat
Miscellaneous
 k - a condenser vane (1/2)
 p - a box of beasts (2/3)
 H - a phial of floods


   Skills:
 + Level 10.4 Fighting
 - Level 12.5 Dodging
 - Level 6.6 Stealth
 * Level 16.2 Unarmed Combat
 - Level 4.0 Spellcasting
 - Level 4.0 Necromancy
 - Level 5.0 Poison Magic
 - Level 7.0 Invocations
 - Level 5.0 Evocations


You had 2 spell levels left.
You knew the following spells:

 Your Spells              Type           Power        Failure   Level
a - Apportation           Tloc           #.....       10%         1
b - Animate Skeleton      Necr           #####.       2%          1
r - Animate Dead          Necr           #####.....   17%         4
v - Mephitic Cloud        Conj/Pois/Air  ###.....     14%         3
x - Olgreb's Toxic Radia  Pois           #####...     13%         4
y - Ignite Poison         Fire/Tmut/Pois ###.....     14%         3
z - Vampiric Draining     Necr           #####.....   6%          3

Your spell library contained the following spells:

 Spells                   Type           Power        Failure   Level
 Pain                     Necr           ####         2%          1
 Sting                    Tmut/Pois      ####         4%          1
 Poisonous Vapours        Pois/Air       ####..       6%          2
 Blink                    Tloc           N/A          14%         2
 Gell's Gravitas          Tloc           #.........   26%         3
 Lesser Beckoning         Tloc           #.........   26%         3
 Stone Arrow              Conj/Erth      #.....       26%         3
 Teleport Other           Tloc           #.......     26%         3
 Tukima's Dance           Hex            #.......     26%         3
 Agony                    Necr           #####...     43%         5
 Passage of Golubria      Tloc           N/A          63%         4
 Alistair's Intoxication  Tmut/Pois      ####.....    63%         5
 Fireball                 Conj/Fire      #.........   91%         5
 Lightning Bolt           Conj/Air       #.........   91%         5
 Invisibility             Hex            #.......     100%        6


Dungeon Overview and Level Annotations

Branches:
Dungeon (15/15)            Temple (1/1) D:6            Lair (5/6) D:10
  Swamp (0/4) Lair:4       Spider (0/4) Lair:4          Orc (2/2) D:12
    Elf (0/3) Orc:2        Depths (0/5) D:15          Sewer (visited)
  Slime: Lair:5-6    Vaults: D:13-14

Altars:
Ashenzari
Cheibriados
Dithmenos
Elyvilon
Fedhas
Gozag
Hepliaklqana
Kikubaaqudgha
Nemelex Xobeh
Okawaru
Qazlal
Ru
Sif Muna
Trog
Uskayaw
Vehumet
Wu Jian
Xom
Yredelemnul
Zin
The Shining One
Beogh

Shops:
D:4 [   D:5 :   Orc:1 [   Orc:2 ![(

Portals:
Trove: D:11 (give +7 demon blade)

Annotations:
D:11 3 runed translucent doors, rasy's ghost, journeyman MiFi
D:13 1 transporter
Lair:3 1 runed translucent door, Duofool's ghost, journeyman MiBe
Orc:2 exclusion: oklob plant


Innate Abilities, Weirdness & Mutations

You cannot wear most types of armour.
You are very stealthy in the water. (Stealth+)
You are amphibious.
You can wear up to eight rings at the same time.
You can use your tentacles to constrict eight enemies at once.
Your skin changes colour to match your surroundings (Stealth+).
Your rubbery body absorbs attacks. (AC +1, EV +1)
Your mind is very acute. (Int +4)
You are robust. (+10% HP)
Your spells are a little harder to cast, but a little more powerful.


Message History

The bolt of acid hits the tengu reaver zombie!
The tengu reaver zombie is splashed with acid.
The tengu reaver zombie seems to be corroded for longer.
The tengu reaver zombie is moderately damaged.
The deep troll earth mage zombie bites you!!
* * * LOW HITPOINT WARNING * * *
The deep troll earth mage zombie completely misses you.
The deep troll earth mage zombie misses you.
You feel much better.
The deep troll earth mage zombie bites you.
* * * LOW HITPOINT WARNING * * *
The deep troll earth mage zombie completely misses you.
You block the deep troll earth mage zombie's attack.
As you read the scroll of teleportation, it crumbles to dust.
You feel strangely unstable.
The deep troll earth mage zombie closely misses you.
The deep troll earth mage zombie claws you!
* * * LOW HITPOINT WARNING * * *
The deep troll earth mage zombie claws you!
You die...

#.8........... ########
#....8......P.
.......#####.............
....#.......[......8...P.
.##...#.#...##8P.........
.######.###...#.......8..
## #.# ###...Z........
#.. ####Z###..... ##. #@#
#### .. #.# #. #.# .# #.#
#.# #.# #.# ...


You could see a deep troll earth mage zombie and a tengu reaver zombie
(corroded).

Vanquished Creatures
  Kirke (D:13)
  An orc warlord (Orc:2)
  Snorg (D:10)
  A vampire mage (D:15)
  5 two-headed ogres
  3 orc high priests (Orc:2)
  Sonja (D:13)
  A skeletal warrior (D:15)
  3 unseen horrors
  A necromancer (D:15)
  4 orc knights
  A sphinx zombie (D:15)
  An ugly thing (D:13)
  8 orc sorcerers
  An oklob plant (Lair:4)
  A manticore (D:12)
  A centaur zombie (D:12)
  4 black mambas
  9 elephants
  3 cane toads
  3 gargoyles
  A kobold demonologist (D:15)
  4 komodo dragons
  A guardian mummy (D:15)
  A queen bee (Lair:5)
  3 trolls
  3 meliai (Lair:5)
  4 slime creatures (D:12)
  9 hippogriffs
  11 blink frogs
  4 wraiths
  A deep troll skeleton (D:15)
  15 yaks
  A shadow (D:14)
  6 hogs (D:13)
  A redback (Orc:2)
  3 wyverns
  3 basilisks
  A steam dragon (D:11)
  4 vampire mosquitoes (D:13)
  2 wargs
  3 soldier ants
  4 water moccasins
  8 porcupines
  27 orc warriors
  9 ice beasts
  2 black bears
  A hornet zombie (D:15)
  3 sky beasts
  7 phantoms
  2 eyes of draining (D:12)
  2 necrophages
  5 wolves (Lair:4)
  13 ogres
  2 centaurs
  6 crocodiles
  Blork the orc (D:4)
  2 big kobolds
  11 bullfrogs
  A gnoll sergeant (Orc:1)
  A wyvern zombie (D:10)
  A scorpion (D:4)
  26 killer bees
  11 wights
  3 howler monkeys (D:8)
  A lava snake (D:11)
  3 bullfrog zombies
  A bullfrog skeleton (D:5)
  5 hounds
  35 orc wizards
  17 orc priests
  A jelly (D:12)
  2 centaur skeletons
  9 worker ants
  2 iguanas
  2 hound skeletons
  A worker ant zombie (D:10)
  7 adders
  6 gnolls
  2 river rats (Sewer)
  4 white imps (Lair:2)
  An ufetubus (D:6)
  2 oozes
  An adder zombie (D:6)
  An adder skeleton (D:5)
  2 dart slugs
  5 leopard geckos
  79 orcs
  4 giant cockroaches
  5 goblins
  7 hobgoblins
  7 jackals
  8 quokkas
  5 ball pythons (Sewer)
  5 bats
  7 frilled lizards
  16 kobolds
  A quokka skeleton (D:4)
  8 rats
545 creatures vanquished.

Vanquished Creatures (collateral kills)
  An elephant (Lair:3)
  A meliai zombie (D:12)
  A hippogriff (Lair:1)
  A yak (D:12)
  A basilisk (Lair:3)
  5 orc warriors
  A bullfrog (D:12)
  2 orc priests (Orc:1)
  3 orc wizards (Orc:1)
  3 orcs
19 creatures vanquished.

Vanquished Creatures (others)
  A human (D:13)
  An orc priest (Orc:2)
  8 fungi
  12 plants
22 creatures vanquished.

Grand Total: 586 creatures vanquished

Notes
Turn   | Place    | Note
-------+----------+-------------------------------------------
     0 | D:5      | P0WERM0DE the Octopode Delver began the quest for the Orb.
     0 | D:5      | Reached XP level 1. HP: 16/16 MP: 1/1
     2 | D:5      | Noticed an ice beast
     3 | D:5      | Noticed a worker ant
    11 | D:5      | Found Xujot's Book Emporium.
    71 | D:4      | Found Rovosi Ipp's Antique Armour Boutique.
    98 | D:4      | Noticed a worker ant
   101 | D:4      | Noticed a worker ant
   107 | D:4      | Killed a worker ant
   107 | D:4      | Reached skill level 3 in Unarmed Combat
   107 | D:4      | Reached XP level 2. HP: 21/21 MP: 2/2
   107 | D:4      | Reached XP level 3. HP: 26/26 MP: 3/3
   171 | D:4      | Found a glowing golden altar of the Shining One.
   238 | D:4      | Learned a level 1 spell: Animate Skeleton
   285 | D:3      | Reached XP level 4. HP: 28/32 MP: 4/4
   371 | D:3      | Found a glowing drain.
   375 | Sewer    | Entered a sewer
   495 | Sewer    | Reached skill level 1 in Necromancy
   752 | D:3      | Reached skill level 1 in Spellcasting
   787 | D:2      | Reached XP level 5. HP: 37/37 MP: 6/6
  1078 | D:2      | Found a white marble altar of Elyvilon.
  1080 | D:2      | Found a shattered altar of Ashenzari.
  1221 | D:3      | Reached skill level 4 in Unarmed Combat
  1406 | D:4      | Noticed Blork the orc
  1406 | D:4      | Noticed a phantom
  1424 | D:4      | Killed Blork the orc
  1424 | D:4      | Reached skill level 4 in Fighting
  1424 | D:4      | Reached skill level 2 in Necromancy
  1453 | D:4      | Killed a phantom
  1453 | D:4      | Reached skill level 2 in Spellcasting
  1453 | D:4      | Reached XP level 6. HP: 15/43 MP: 7/9
  1807 | D:5      | Reached XP level 7. HP: 41/48 MP: 10/10
  1860 | D:5      | Reached skill level 3 in Necromancy
  1986 | D:5      | Found an opulent altar of Gozag.
  2005 | D:5      | Reached skill level 5 in Unarmed Combat
  2005 | D:5      | Reached skill level 3 in Spellcasting
  2249 | D:6      | Found a staircase to the Ecumenical Temple.
  2263 | Temple   | Entered the Ecumenical Temple
  2315 | Temple   | Became a worshipper of Cheibriados the Contemplative
  2676 | D:6      | Reached XP level 8. HP: 16/54 MP: 13/13
  2988 | D:7      | Reached skill level 4 in Necromancy
  3068 | D:7      | Reached skill level 4 in Spellcasting
  3100 | D:6      | Reached skill level 5 in Fighting
  3100 | D:6      | Reached skill level 6 in Unarmed Combat
  3235 | D:6      | Reached * piety under Cheibriados
  3333 | D:7      | Reached skill level 7 in Unarmed Combat
  3508 | D:8      | Learned a level 3 spell: Vampiric Draining
  3602 | D:8      | Reached skill level 6 in Fighting
  3602 | D:8      | Reached XP level 9. HP: 40/62 MP: 15/15
  3634 | D:8      | Reached skill level 8 in Unarmed Combat
  3651 | D:8      | Reached ** piety under Cheibriados
  3719 | D:8      | Learned a level 4 spell: Olgreb's Toxic Radiance
  3724 | D:8      | Learned a level 4 spell: Animate Dead
  3877 | D:9      | Reached skill level 9 in Unarmed Combat
  3877 | D:9      | Reached skill level 1 in Poison Magic
  3949 | D:9      | Reached skill level 2 in Poison Magic
  4228 | D:9      | Reached skill level 7 in Fighting
  4236 | D:9      | Reached skill level 3 in Poison Magic
  4258 | D:9      | Reached XP level 10. HP: 71/71 MP: 11/16
  4292 | D:9      | Reached skill level 10 in Unarmed Combat
  4313 | D:9      | Reached skill level 4 in Poison Magic
  4346 | D:9      | Found an ornate altar of the Wu Jian Council.
  4522 | D:9      | Noticed a two-headed ogre
  4540 | D:9      | Killed a two-headed ogre
  4540 | D:9      | Reached skill level 8 in Fighting
  4548 | D:10     | Entered Level 10 of the Dungeon
  4571 | D:10     | Noticed a two-headed ogre
  4622 | D:11     | Reached skill level 1 in Evocations
  4650 | D:12     | Reached skill level 11 in Unarmed Combat
  4678 | D:12     | Noticed a two-headed ogre
  4683 | D:12     | Reached skill level 2 in Evocations
  4691 | D:12     | Killed a two-headed ogre
  4691 | D:12     | Reached skill level 3 in Evocations
  4706 | D:12     | Reached *** piety under Cheibriados
  4925 | D:11     | Found a portal to a secret trove of treasure.
  4973 | D:11     | Reached XP level 11. HP: 37/78 MP: 17/17
  5152 | D:11     | Found a runed translucent gate.
  5153 | D:11     | Found a runed translucent gate.
  5154 | D:11     | Found a runed translucent gate.
  5156 | D:11     | Noticed rasy's ghost (journeyman MiFi)
  5160 | D:11     | Reached skill level 9 in Fighting
  5250 | D:10     | Reached skill level 4 in Evocations
  5293 | D:10     | Reached skill level 12 in Unarmed Combat
  5349 | D:10     | Reached **** piety under Cheibriados
  5382 | D:10     | Killed a two-headed ogre
  5464 | D:10     | Noticed Snorg
  5511 | D:10     | Reached skill level 3 in Dodging
  5511 | D:10     | Noticed a two-headed ogre
  5533 | D:10     | Found a staircase to the Lair.
  5617 | D:10     | Killed an unseen horror
  5741 | D:10     | Found a shimmering blue altar of Sif Muna.
  5747 | D:10     | Reached skill level 5 in Evocations
  5822 | D:10     | Reached skill level 4 in Dodging
  5896 | Lair:1   | Entered Level 1 of the Lair of Beasts
  5986 | Lair:1   | Reached skill level 10 in Fighting
  6053 | Lair:2   | Found a frozen archway.
  6055 | Lair:2   | Reached skill level 1 in Invocations
  6055 | Lair:2   | Reached skill level 5 in Dodging
  6058 | Lair:2   | Noticed a four-headed hydra
  6164 | Lair:1   | Reached XP level 12. HP: 72/87 MP: 18/18
  6192 | Lair:1   | Reached skill level 2 in Invocations
  6268 | Lair:1   | Reached skill level 13 in Unarmed Combat
  6278 | Lair:1   | Reached skill level 6 in Dodging
  6352 | Lair:2   | Found a stormy altar of Qazlal.
  6363 | Lair:2   | Reached skill level 3 in Invocations
  6431 | Lair:2   | Reached ***** piety under Cheibriados
  6545 | Lair:3   | Reached skill level 7 in Dodging
  6642 | Lair:4   | Reached skill level 4 in Invocations
  6653 | Lair:4   | Noticed a five-headed hydra
  6684 | Lair:5   | Noticed a six-headed hydra
  6818 | Lair:4   | Found a staircase to the Swamp.
  6826 | Lair:4   | Reached skill level 8 in Dodging
  7014 | Lair:4   | Reached skill level 14 in Unarmed Combat
  7014 | Lair:4   | Reached skill level 5 in Invocations
  7031 | Lair:4   | Reached XP level 13. HP: 47/92 MP: 12/19
  7109 | Lair:4   | Found a hole to the Spider Nest.
  7141 | Lair:4   | Got a crude scimitar
  7142 | Lair:4   | Identified the cursed +0 scimitar "Imekiluahe" {freeze,
                  | +Rage Str+3} (You found it on level 4 of the Lair of
                  | Beasts)
  7281 | Lair:3   | Gained mutation: Your mind is acute. (Int +2) [potion of
                  | mutation]
  7281 | Lair:3   | Gained mutation: Your mind is very acute. (Int +4) [potion
                  | of mutation]
  7281 | Lair:3   | Gained mutation: Your spells are a little harder to cast,
                  | but a little more powerful. [potion of mutation]
  7281 | Lair:3   | Gained mutation: You are robust. (+10% HP) [potion of
                  | mutation]
  7342 | Lair:3   | Found a runed translucent door.
  7347 | Lair:3   | Noticed Duofool's ghost (journeyman MiBe)
  7408 | Lair:2   | Reached skill level 9 in Dodging
  7914 | D:11     | Reached skill level 6 in Invocations
  8028 | D:12     | Found a shadowy altar of Dithmenos.
  8173 | D:12     | Found a staircase to the Orcish Mines.
  8364 | D:13     | Found a transporter.
  8399 | D:13     | Reached skill level 10 in Dodging
  8447 | D:13     | Found a transporter.
  8449 | D:13     | Noticed Kirke
  8468 | D:13     | Killed Kirke
  8468 | D:13     | Reached skill level 15 in Unarmed Combat
  8574 | Orc:1    | Entered Level 1 of the Orcish Mines
  8584 | Orc:1    | Reached skill level 7 in Invocations
  8840 | Orc:1    | Learned a level 3 spell: Mephitic Cloud
  9438 | Orc:1    | Found a roughly hewn altar of Beogh.
  9484 | Orc:2    | Entered Level 2 of the Orcish Mines
  9542 | Orc:2    | Found a staircase to the Elven Halls.
  9643 | Orc:2    | Reached skill level 11 in Dodging
  9643 | Orc:2    | Reached XP level 14. HP: 75/108 MP: 12/20
  9778 | Orc:2    | Learned a level 3 spell: Ignite Poison
 10005 | Orc:2    | Noticed an orc warlord
 10012 | Orc:2    | Reached skill level 5 in Poison Magic
 10020 | Orc:2    | Killed an orc warlord
 10213 | Orc:2    | Reached skill level 12 in Dodging
 10261 | Orc:2    | Found Hyqaqor's Antique Armour Emporium.
 10261 | Orc:2    | Found Omeurphit's Antique Weapon Shop.
 10263 | Orc:2    | Found Nimauty's Distillery.
 10263 | Orc:2    | Found Kaakk's Magic Scroll Shop.
 10271 | Orc:2    | Bought a potion of heal wounds for 75 gold pieces
 10271 | Orc:2    | Bought a potion of heal wounds for 75 gold pieces
 10271 | Orc:2    | Bought a potion of heal wounds for 75 gold pieces
 10271 | Orc:2    | Bought a potion of cancellation for 120 gold pieces
 10271 | Orc:2    | Bought 3 potions of curing for 135 gold pieces
 10373 | Orc:1    | Found Mauwkonu's Armour Shop.
 10531 | D:13     | Noticed a storm dragon
 10543 | D:13     | Identified a scroll of acquirement
 10546 | D:13     | Acquired 2270 gold pieces
 10746 | D:5      | Bought a manual of Unarmed Combat for 1435 gold pieces
 10746 | D:5      | Bought a book of Spatial Translocations for 845 gold pieces
 10746 | D:5      | Bought a book of Party Tricks for 650 gold pieces
 10746 | D:5      | Bought Lehudib's Compendium of Ashen Attacks for 535 gold
                  | pieces
 10748 | D:5      | Learned a level 1 spell: Apportation
 10956 | D:10     | Killed Snorg
 11081 | D:13     | Noticed Sonja
 11085 | D:13     | Killed Sonja
 11243 | D:15     | Entered Level 15 of the Dungeon
 11418 | D:15     | Reached skill level 16 in Unarmed Combat
 11520 | D:15     | Found a staircase to the Depths.
 11541 | D:15     | HP: 5/108 [sphinx zombie (6)]
 11541 | D:15     | HP: 2/108 [sphinx zombie (3)]
 11546 | D:15     | HP: 7/108 [deep troll earth mage zombie (20)]
 11548 | D:15     | Slain by a deep troll earth mage zombie

Illustrated notes

Levels and vault maps discovered:
D:1:      elethiomel_arrival_maze, layout_basic
D:2:      layout_basic, grunt_temple_overflow_open
D:3:      layout_loops_corners, gup_sewer_entry_bowl
D:4:      wad_woods_stonehenge, layout_basic, serial_shops, shop_fountains,
          uniq_blork_the_orc
D:5:      layout_loops_ring, nicolae_gozag_seed_capital, serial_shops, shop
D:6:      layout_layer_cave, minmay_temple_entry_arrows, uniq_edmund
D:7:      layout_basic
D:8:      minmay_flawed_box, layout_basic, lemuel_flamethrower_1, uniq_joseph
D:9:      layout_loops_ring, lemuel_round_altar
D:10:     kennysheep_orc_sif_temple, layout_loops_corners, david_lair_shrubbed,
          minmay_holes, uniq_erolcha, uniq_snorg
D:11:     layout_long_grid, nicolae_trove_entry_free_sample,
          gammafunk_ghost_necromancy, kennysheep_potato
D:12:     layout_long_grid, erik_orc_4, grunt_dithmenos_smoke
D:13:     gammafunk_dig_for_victory, layout_basic, ximxim_vaults_locker_room,
          uniq_kirke, uniq_sonja
D:14:     layout_long_grid, minmay_misc_feat_doors, basic_altar,
          small_statue_alley_a
D:15:     gammafunk_depths_entry_grave, layout_basic, elyvilon_altar_3,
          ldierk_geyser
Temple:   eino_narrow_crystal_temple
Lair:1:   layout_cave_pods
Lair:2:   layout_gridlike, basic_altar, portal_ice_cave_entry_imps,
          chequers_serial_rivers_micro_a
Lair:3:   layout_hall_layers, ebering_ghost_reflecting_pool,
          grunt_forest_large_clearings, serial_bayou_shore_b
Lair:4:   layout_layer_cave, swamp_mist, spider_nest_entry_rubble
Lair:5:   layout_roguey [special_room_bee], cheibrodos_lair_reptile_den
Orc:1:    layout_caves, basic_altar, serial_shops, nicolae_shop_statue_plus
Orc:2:    grunt_orc_tribal_feast, layout_diamond_mine, nicolae_orc_rockfall,
          nicolae_orc_sculptors_studio, mines3_lemuel

Skill      XL: |  1  2  3  4  5  6  7  8  9 10 11 12 13 14 |
---------------+-------------------------------------------+-----
Unarmed Combat | 3 4 5 7 9 11 12 14 15 16 | 16.2
Necromancy     | 1 2 3 4 |  4.0
Spellcasting   | 1 2 3 4 |  4.0
Fighting       | 4 6 7 8 10 | 10.4
Poison Magic   | 3 4 5 |  5.0
Evocations     | 3 5 |  5.0
Dodging        | 5 8 11 12 | 12.5
Invocations    | 1 5 7 |  7.0
Stealth        | |  6.6

Action                   |  1- 3 |  4- 6 |  7- 9 | 10-12 | 13-15 || total
-------------------------+-------+-------+-------+-------+-------++-------
Melee: Unarmed           |    20 |   112 |    58 |   290 |   343 ||   823
       Tentacles         |     5 |    20 |    17 |    89 |   107 ||   238
       Constrict         |     5 |    33 |    22 |    33 |    72 ||   165
       Punch             |     2 |     2 |     8 |    53 |    63 ||   128
       Dire flail        |       |    20 |    83 |       |       ||   103
Throw: Boomerang         |       |       |    11 |    18 |     2 ||    31
 Cast: Animate Skeleton  |       |       |     8 |     9 |       ||    17
       Olgreb's Toxic Ra |       |       |     1 |       |    39 ||    40
       Animate Dead      |       |       |       |    17 |    12 ||    29
       Vampiric Draining |       |       |       |       |     2 ||     2
       Ignite Poison     |       |       |       |       |     8 ||     8
       Apportation       |       |       |       |       |     3 ||     3
Invok: Slouch            |       |       |       |     6 |    17 ||    23
Evoke: Wand              |       |       |     6 |    52 |    14 ||    72
       Condenser vane    |       |       |       |     4 |     3 ||     7
       Box of beasts     |       |       |       |       |     3 ||     3
       Phial of floods   |       |       |       |       |     1 ||     1
  Use: Potion            |     1 |     2 |     5 |     3 |     9 ||    20
       Scroll            |       |     6 |     9 |     7 |    11 ||    33
 Stab: Sleeping          |     5 |    19 |    12 |     8 |     6 ||    50
       Paralysed         |       |       |     6 |    11 |     4 ||    21
       Invisible         |       |       |       |    13 |     3 ||    16
       Distracted        |       |       |       |       |     1 ||     1
Armor: Skin              |       |     8 |    16 |     5 |     3 ||    32
Dodge: Dodged            |    11 |    58 |    59 |   156 |   250 ||   534
Block: Other             |       |       |    15 |    42 |    63 ||   120
       Reflection        |       |       |       |     1 |     5 ||     6

Table legend: (Time is in decaauts)
 A = Elapsed time spent in this place.
 B = Non-inter-level travel time spent in this place.
 C = Inter-level travel time spent in this place.
 D = Time resting spent in this place.
 E = Time spent auto-exploring this place.
 F = Levels seen in this place.
 G = Mean time per level.
                   A        B        C        D        E       F      G
               +--------+--------+--------+--------+--------+-----+--------+
         Total |  14766 |  13491 |   1275 |   2382 |    243 |  24 |  615.2 |
       Dungeon |  10215 |   9097 |   1118 |   2085 |    243 |  15 |  681.0 |
        Temple |     71 |     53 |     18 |      0 |      0 |   1 |   71.0 |
          Lair |   2532 |   2394 |    138 |     41 |      0 |   5 |  506.4 |
  Orcish Mines |   1708 |   1708 |      0 |    249 |      0 |   2 |  854.0 |
         Sewer |    237 |    237 |      0 |      6 |      0 |   1 |  237.0 |
               +--------+--------+--------+--------+--------+-----+--------+

Top non-repeatable levels by time:
    D:12: 1359 daAuts
    D:11: 1295 daAuts
    D:10: 1226 daAuts
   Orc:2: 1203 daAuts
     D:6: 1017 daAuts
     D:9: 980 daAuts
  Lair:1: 769 daAuts
     D:8: 676 daAuts
    D:13: 656 daAuts
     D:4: 621 daAuts
     D:5: 620 daAuts
  Lair:4: 505 daAuts
   Orc:1: 505 daAuts
  Lair:5: 483 daAuts
     D:3: 465 daAuts
